 Dungeon Crawl Stone Soup version 0.19.1-1-g22dce08 (webtiles) character file.

98027 M4edhros the Peltast (level 16, -7/104 HPs)
             Began as an Octopode Necromancer on Jan 3, 2017.
             Was the Champion of Cheibriados.
             Mangled by an anaconda (10 damage)
             ... on level 1 of the Snake Pit.
             The game lasted 01:18:05 (12119 turns).

M4edhros the Peltast (Octopode Necromancer)        Turns: 12119, Time: 01:18:06

Health: -7/104     AC:  3    Str: 23    XL:     16   Next: 21%
Magic:  23/23      EV: 19    Int: 41    God:    Cheibriados [******]
Gold:   1717       SH: 30    Dex: 31    Spells: 9 memorised, 3 levels left

rFire  + . .     SeeInvis +       - Unarmed
rCold  + + .     Gourm    .     D - +8 large shield
rNeg   . . .     Faith    .     l - +2 hat {MR+}
rPois  +         Spirit   .     s - amulet of regeneration
rElec  +         Reflect  .     n - +6 ring of intelligence
rCorr  .         Harm     .     m - ring of protection from cold
MR     ++++.                    I - ring of poison resistance
Stlth  ++++......               J - ring of fire
                                X - ring of protection from magic
                                v - ring of wizardry
                                U - ring of see invisible
                                c - ring of protection from magic

@: constricted, repel missiles, very slow
A: almost no armour, stealthy swim, amphibious, 8 rings, constrict 8, camouflage
1, clever 1, clumsy 1, cold resistance 2, low mp 1, mutation resistance 1, sense
surroundings 1, electricity resistance, gelatinous body 1, MP-powered wands
a: Bend Time, Temporal Distortion, Slouch, Step From Time, Renounce Religion


You were on level 1 of the Snake Pit.
You worshipped Cheibriados.
Cheibriados was exalted by your worship.
You were not hungry.

You visited 5 branches of the dungeon, and saw 25 of its levels.

You collected 2527 gold pieces.
You spent 810 gold pieces at shops.

Inventory:

Hand Weapons
 k - a +0 blowgun
Missiles
 y - 2 curare-tipped needles
 B - 23 poisoned needles
Armour
 l - a +2 hat of magic resistance (worn)
 D - a +8 large shield (worn)
Jewellery
 c - a ring of protection from magic (on tentacle)
 m - a ring of protection from cold (right tentacle)
 n - a +6 ring of intelligence (left tentacle)
 s - an amulet of regeneration (around mantle)
 v - a ring of wizardry (on tentacle)
 I - a ring of poison resistance (on tentacle)
 J - a ring of fire (on tentacle)
 K - an uncursed ring of ice
 O - an uncursed ring of ice
 U - a ring of see invisible (on tentacle)
 X - a ring of protection from magic (on tentacle)
Wands
 u - a wand of digging (5/24)
 E - a wand of acid (4/15)
Scrolls
 i - a scroll of remove curse
 j - a scroll of amnesia
 r - 2 scrolls of blinking
 w - a scroll of fear
 x - 2 scrolls of teleportation
 C - a scroll of noise
 G - 4 scrolls of magic mapping
 W - 2 scrolls of summoning
Potions
 a - a potion of resistance
 e - a potion of might
 h - a potion of agility
 p - 4 potions of invisibility
 z - a potion of heal wounds
 A - 10 potions of curing
 L - 2 potions of flight
 P - 2 potions of magic
 R - a potion of lignification
Miscellaneous
 g - a phantom mirror
 q - a fan of gales
 t - a disc of storms
Comestibles
 b - 7 bread rations
 d - 6 meat rations
 f - 20 fruits


   Skills:
 + Level 7.7 Fighting
 + Level 9.0 Dodging
 - Level 2.6 Stealth
 * Level 15.1 Shields
 + Level 10.9 Unarmed Combat
 - Level 6.6 Spellcasting
 - Level 4.9 Hexes
 - Level 2.6 Charms
 - Level 4.0 Necromancy
 - Level 3.5 Translocations
 - Level 10.0 Transmutations
 - Level 4.2 Air Magic
 - Level 10.1 Earth Magic
 - Level 4.0 Poison Magic
 * Level 4.0 Invocations


You had 3 spell levels left.
You knew the following spells:

 Your Spells              Type           Power        Failure   Level  Hunger
a - Statue Form           Tmut/Erth      #######..    9%          6    #####..
b - Animate Skeleton      Necr           N/A          1%          1    None
c - Regeneration          Chrm/Necr      #####.....   4%          3    None
d - Apportation           Tloc           #####.....   1%          1    None
e - Confusing Touch       Hex            ######       1%          1    None
f - Animate Dead          Necr           N/A          7%          4    None
g - Mephitic Cloud        Conj/Pois/Air  #####...     4%          3    None
h - Repel Missiles        Chrm/Air       #####.       1%          2    None
i - Passage of Golubria   Tloc           N/A          9%          4    None


Dungeon Overview and Level Annotations

Branches:
Dungeon (15/15)            Temple (1/1) D:6            Lair (6/6) D:8
  Snake (1/4) Lair:3        Slime (0/5) Lair:6          Orc (2/2) D:11
    Elf (0/3) Orc:2        Vaults (0/5) D:13         Depths (0/5) D:15
  Swamp: Lair:2-4    Shoals: Lair:2-4

Altars:
Ashenzari
Cheibriados
Dithmenos
Elyvilon
Fedhas
Gozag
Hepliaklqana
Kikubaaqudgha
Makhleb
Nemelex Xobeh
Okawaru
Qazlal
Sif Muna
Trog
Uskayaw
Vehumet
Yredelemnul
Zin
The Shining One
Jiyva

Shops:
D:6 !   Orc:2 =[(*}

Portals:
Abyss: D:11

Annotations:
Lair:2 Sonja


Innate Abilities, Weirdness & Mutations

You cannot wear most types of armour.
You are very stealthy in the water. (Stealth+)
You are amphibious.
You can wear up to eight rings at the same time.
You can use your tentacles to constrict eight enemies at once.
Your skin changes colour to match your surroundings (Stealth+).
Your rubbery body absorbs attacks. (AC +1, EV +1)
Your mind is acute. (Int +2)
You are clumsy. (Dex -2)
Your flesh is very cold resistant. (rC++)
Your magical capacity is low. (-10% MP)
You are somewhat resistant to further mutation.
You passively map a small area around you.
You are resistant to electric shocks. (rElec)
You expend magic power (3 MP) to strengthen your wands.


Message History

The anaconda bites you.
You block the guardian serpent's attack.
The anaconda bites you but does no damage.
The black mamba misses you. The anaconda bites you.
The anaconda constricts you. The anaconda bites you. The anaconda bites you!
The guardian serpent closely misses you.
Okay, then.
Okay, then.
Blink to where?
Press: ? - help, Dir - move target cursor The anaconda's grasp on you weakens, but your attempt to escape fails.
As you read the scroll of blinking, it crumbles to dust.
You block the anaconda's attack. You block the black mamba's attack.
The anaconda bites you! x2; The anaconda constricts you.
You block the anaconda's attack. The guardian serpent hits you!
* * * LOW HITPOINT WARNING * * *
The anaconda bites you!!
* * * LOW HITPOINT WARNING * * *
The black mamba barely misses you. The anaconda bites you!
You die...

...... *,.. ,
*..S...## .. *
..$...##., ,,,..
#..$...# * * ,
.... ##..§...## ,
*#...##. ..)...###
#..... #...%..# *
#.... ##SS....# ,
, #...##S@SS§..#
#...(SS##..?# * *
* ##....##*S?.#*
##!..## S$#
##...##*###* *
####...#####* *
###..........#
####...........##
................#*


You could see 4 anacondas, 2 guardian serpents and a black mamba.

Vanquished Creatures
  Gastronok (D:12)
  Kirke (Lair:5)
  An orc warlord (Orc:2)
  2 stone giants
  An entropy weaver (Lair:5)
  The ghost of CakeIsGreat the Thaumaturge, a journeyman GrEE of Vehumet (Lair:6)
  Fannar (Lair:1)
  A fire dragon (D:13)
  A rakshasa (D:14)
  A catoblepas (D:12)
  2 hydras (Lair:6)
  A ghost crab (shapeshifter) (D:14)
  A death knight (D:13)
  A vampire mage (D:15)
  The ghost of loom the Archer, a novice CeHu of Okawaru (D:9)
  6 death yaks (Lair:5)
  4 orc high priests (Orc:2)
  Nergalle (Orc:1)
  A spark wasp zombie (D:15)
  2 skeletal warriors (D:15)
  2 unseen horrors
  2 hill giants
  Pikel (D:6)
  A harpy (Lair:6)
  A deep elf mage (D:13)
  6 orc knights
  2 lindwurms (D:13)
  A necromancer (D:15)
  24 ugly things
  An oklob plant (Lair:6)
  A shadow dragon skeleton (D:15)
  2 orc sorcerers (Orc:2)
  4 cyclopes
  2 manticores
  2 centaur zombies (D:14)
  5 elephants
  A black mamba (Lair:4)
  A torpor snail (Lair:6)
  7 spiny frogs
  2 centaur skeletons
  6 rime drakes
  8 komodo dragons
  2 demonic crawlers (D:13)
  A queen bee (Lair:3)
  9 trolls
  Prince Ribbit (D:6)
  2 two-headed ogres
  3 polar bears
  A tyrant leech (D:13)
  5 hornets
  6 blink frogs
  8 slime creatures
  7 hippogriffs
  6 dream sheep
  3 wraiths
  An ettin skeleton (D:15)
  A deep troll skeleton (D:15)
  5 wyverns
  5 hogs
  3 fire bats (D:13)
  59 yaks
  Grum (D:11)
  4 hungry ghosts
  7 vampire mosquitoes
  5 basilisks
  5 wargs
  A warg (shapeshifter) (D:13)
  Menkaure (D:5)
  2 nagas (Lair:3)
  8 soldier ants
  2 hell hounds (D:13)
  2 porcupines
  4 water moccasins
  3 sky beasts
  A black bear (D:4)
  18 orc warriors
  4 slaves (D:6)
  A tengu (shapeshifter) (D:13)
  14 ogres
  2 ice beasts
  An eye of draining (D:14)
  A phantom (D:13)
  A necrophage (D:14)
  4 crocodiles
  8 wolves
  6 centaurs
  10 bullfrogs
  2 wyvern zombies
  6 earth elementals (D:12)
  A wyvern skeleton (D:13)
  2 scorpions
  3 troll zombies (D:11)
  26 killer bees
  8 wights
  2 electric eels (D:10)
  6 howler monkeys
  A vampire bat (D:13)
  5 crimson imps
  2 bullfrog zombies
  7 hounds
  A quasit (D:8)
  6 jellies
  14 orc wizards
  6 orc priests
  A bullfrog skeleton (D:12)
  2 iguanas
  26 worker ants
  A hell rat (Lair:3)
  5 ogre zombies (D:11)
  A hound zombie (D:7)
  A howler monkey skeleton (D:5)
  A worker ant zombie (D:9)
  A gnoll (D:1)
  13 adders
  4 shadow imps
  An ooze (D:5)
  10 worms
  A dart slug (D:2)
  7 leopard geckos
  51 orcs
  8 giant cockroaches
  12 goblins
  3 hobgoblins
  20 jackals
  7 quokkas
  4 ball pythons
  11 bats
  7 frilled lizards
  A goblin skeleton (D:11)
  A goblin zombie (D:11)
  5 hobgoblin zombies (D:11)
  14 kobolds
  A leopard gecko zombie (D:6)
  2 orc skeletons (D:11)
  15 orc zombies (D:11)
  11 rats
  2 fungi (Orc:2)
705 creatures vanquished.

Vanquished Creatures (collateral kills)
  An entropy weaver (Lair:5)
  5 hydras
  A merfolk avatar (Lair:6)
  A queen ant (Lair:5)
  An unseen horror (D:11)
  2 sea snakes (Lair:6)
  An orc knight (Orc:2)
  An ugly thing (D:14)
  A manticore (Lair:6)
  3 elephants (Lair:6)
  A black mamba (Lair:6)
  A torpor snail (Lair:6)
  2 rime drakes (Lair:6)
  3 spiny frogs (Lair:6)
  3 komodo dragons (Lair:6)
  A polar bear (Lair:6)
  A blink frog (Lair:4)
  7 dream sheep
  An air elemental (Orc:2)
  A hippogriff (Lair:5)
  3 wyverns
  4 yaks
  A hog (Lair:5)
  2 nagas (Lair:3)
  3 soldier ants (Lair:5)
  4 water moccasins
  An orc warrior (D:11)
  A porcupine (Lair:2)
  2 sky beasts
  2 wolves (D:11)
  5 crocodiles
  A big kobold (D:11)
  A bullfrog (D:14)
  An earth elemental (D:12)
  A killer bee (Lair:3)
  A wight (D:14)
  A bullfrog skeleton (D:9)
  A hound (D:13)
  Jessica (D:2)
  2 worker ants
  An orc (Orc:2)
  2 bats (D:2)
  4 giant cockroaches
  A goblin (D:2)
  A jackal (D:3)
  An orc zombie (D:11)
  3 bushes
  5 fungi
  2 plants
96 creatures vanquished.

Vanquished Creatures (others)
  An unseen horror (D:13)
  11 fungi
  8 plants
20 creatures vanquished.

Grand Total: 821 creatures vanquished

Notes
Turn   | Place    | Note
-------+----------+-------------------------------------------
     0 | D:1      | M4edhros the Octopode Necromancer began the quest for the Orb.
     0 | D:1      | Reached XP level 1. HP: 11/11 MP: 3/3
    26 | D:1      | Reached skill level 1 in Unarmed Combat
   118 | D:2      | Reached XP level 2. HP: 2/17 MP: 0/5
   215 | D:2      | Reached XP level 3. HP: 5/21 MP: 1/6
   224 | D:2      | Learned a level 1 spell: Animate Skeleton
   228 | D:2      | Learned a level 3 spell: Regeneration
   435 | D:4      | Noticed a black bear
   668 | D:5      | Entered Level 5 of the Dungeon
   685 | D:5      | Found a sparkling altar of Nemelex Xobeh.
   689 | D:5      | Noticed an ogre
   690 | D:5      | HP: 1/21 [ogre/giant club (14)]
   695 | D:5      | Killed an ogre
   695 | D:5      | Reached XP level 4. HP: 7/27 MP: 3/7
   695 | D:5      | Reached XP level 5. HP: 8/31 MP: 3/8
   761 | D:5      | Reached skill level 5 in Unarmed Combat
   960 | D:5      | Reached XP level 6. HP: 32/36 MP: 3/9
  1046 | D:5      | Noticed Menkaure
  1054 | D:5      | Killed Menkaure
  1165 | D:6      | Noticed a slave
  1166 | D:6      | Noticed a slave
  1167 | D:6      | Noticed a slave
  1167 | D:6      | Noticed Pikel
  1168 | D:6      | Noticed a slave
  1192 | D:6      | Found a staircase to the Ecumenical Temple.
  1200 | D:6      | Killed a slave
  1209 | Temple   | Entered the Ecumenical Temple
  1244 | Temple   | Became a worshipper of Cheibriados the Contemplative
  1617 | D:2      | Reached * piety under Cheibriados
  1621 | D:2      | Reached XP level 7. HP: 37/41 MP: 7/10
  1749 | D:2      | Noticed Jessica
  1753 | D:2      | Killed Jessica
  1963 | D:1      | Reached ** piety under Cheibriados
  1963 | D:1      | Reached skill level 1 in Fighting
  2592 | D:6      | Reached *** piety under Cheibriados
  2595 | D:6      | Reached XP level 8. HP: 51/51 MP: 11/11
  2622 | D:6      | Found Ovuzuivy's Distillery.
  2632 | D:6      | Bought a potion of heal wounds for 75 gold pieces
  2632 | D:6      | Bought a potion of degeneration for 15 gold pieces
  2632 | D:6      | Bought a potion of curing for 45 gold pieces
  2632 | D:6      | Bought a potion of curing for 45 gold pieces
  2680 | D:6      | Killed Pikel
  2767 | D:6      | Noticed Prince Ribbit
  2777 | D:6      | Killed Prince Ribbit
  2777 | D:6      | Reached skill level 5 in Dodging
  2920 | D:7      | Reached skill level 1 in Invocations
  2920 | D:7      | Reached XP level 9. HP: 57/59 MP: 8/12
  2938 | D:7      | Reached **** piety under Cheibriados
  3001 | D:7      | Reached skill level 1 in Shields
  3166 | D:8      | Reached skill level 2 in Shields
  3174 | D:8      | Reached skill level 5 in Fighting
  3196 | D:8      | Reached skill level 3 in Shields
  3203 | D:8      | Found a staircase to the Lair.
  3270 | D:8      | Reached ***** piety under Cheibriados
  3508 | D:8      | Learned a level 1 spell: Apportation
  3510 | D:8      | Learned a level 1 spell: Confusing Touch
  3515 | D:8      | Learned a level 4 spell: Animate Dead
  3571 | D:8      | Reached skill level 4 in Shields
  3584 | D:8      | Reached XP level 10. HP: 46/67 MP: 13/13
  3884 | D:9      | Reached skill level 5 in Shields
  3977 | D:9      | Noticed loom's ghost (novice CeHu)
  3997 | D:9      | Killed loom's ghost
  4185 | D:10     | Entered Level 10 of the Dungeon
  4224 | D:10     | Noticed a hill giant
  4233 | D:10     | Killed a hill giant
  4233 | D:10     | Reached skill level 1 in Hexes
  4344 | D:10     | Reached skill level 6 in Shields
  4393 | D:9      | Got a shimmering buckler
  4404 | D:9      | Identified the cursed +0 buckler "Evooheni" {rC+ Stlth+} (You found it on level 9 of the Dungeon)
  4692 | D:11     | Noticed a manticore
  4711 | D:11     | Killed a manticore
  4730 | D:11     | Gained mutation: Your mind is acute. (Int +2) [mutagenic meat]
  4731 | D:11     | Gained mutation: Your magical capacity is low. (-10% MP) [mutagenic meat]
  4732 | D:11     | Gained mutation: You possess an exceptional clarity of mind. [mutagenic meat]
  4733 | D:11     | Gained mutation: You are somewhat resistant to further mutation. [mutagenic meat]
  4734 | D:11     | Gained mutation: Your flesh is cold resistant. (rC+) [mutagenic meat]
  4841 | D:11     | Reached XP level 11. HP: 72/72 MP: 12/12
  4845 | D:11     | Found a staircase to the Orcish Mines.
  4858 | D:11     | Reached skill level 7 in Shields
  4885 | D:11     | Reached skill level 10 in Unarmed Combat
  5019 | D:11     | Reached skill level 8 in Shields
  5030 | D:11     | Noticed Grum
  5036 | D:11     | Killed Grum
  5054 | D:11     | Killed an unseen horror
  5106 | D:11     | Found a one-way gate to the infinite horrors of the Abyss.
  5107 | D:11     | Noticed a hell beast
  5124 | D:10     | Learned a level 3 spell: Mephitic Cloud
  5254 | D:12     | Noticed a stone giant
  5263 | D:12     | Killed a stone giant
  5263 | D:12     | Reached skill level 1 in Translocations
  5263 | D:12     | Reached skill level 1 in Air Magic
  5263 | D:12     | Reached skill level 1 in Poison Magic
  5298 | D:12     | Reached skill level 9 in Shields
  5377 | D:12     | Noticed a red ugly thing
  5431 | D:12     | Killed a red ugly thing
  5431 | D:12     | Reached skill level 1 in Charms
  5456 | D:12     | Gained mutation: Your muscles are strong. (Str +2) [mutagenic meat]
  5548 | D:12     | Noticed a hill giant
  5557 | D:12     | Killed a hill giant
  5572 | D:12     | Noticed Gastronok
  5582 | D:12     | Killed Gastronok
  5582 | D:12     | Reached XP level 12. HP: 65/79 MP: 12/15
  5591 | D:12     | hat of mr nice
  5687 | D:12     | Noticed a catoblepas
  5761 | D:12     | Killed a catoblepas
  5761 | D:12     | Reached skill level 10 in Shields
  6073 | D:13     | Learned a level 2 spell: Repel Missiles
  6388 | D:13     | Reached ****** piety under Cheibriados
  6493 | D:13     | Noticed a death knight
  6680 | Lair:1   | Entered Level 1 of the Lair of Beasts
  6680 | Lair:1   | Noticed Fannar
  6693 | Lair:1   | Killed Fannar
  6693 | Lair:1   | Reached skill level 11 in Shields
  6693 | Lair:1   | Reached skill level 5 in Spellcasting
  6782 | Lair:2   | Learned a level 6 spell: Statue Form
  6837 | Lair:2   | Noticed Sonja
  6870 | Lair:2   | Reached skill level 1 in Earth Magic
  6912 | Lair:3   | Reached skill level 1 in Transmutations
  6935 | Lair:3   | Reached XP level 13. HP: 84/84 MP: 18/18
  7314 | Lair:3   | Found a staircase to the Snake Pit.
  7639 | Lair:5   | Noticed Kirke
  7651 | Lair:5   | Noticed a sphinx
  7748 | Lair:5   | Reached skill level 5 in Transmutations
  7825 | Lair:5   | Reached skill level 12 in Shields
  7867 | Lair:5   | Killed Kirke
  7867 | Lair:5   | Reached skill level 5 in Earth Magic
  8003 | Lair:5   | Noticed an entropy weaver
  8004 | Lair:5   | Noticed an entropy weaver
  8072 | Lair:5   | Reached XP level 14. HP: 54/90 MP: 4/21
  8135 | Lair:5   | Killed an entropy weaver
  8249 | Lair:5   | Killed an entropy weaver
  8519 | Lair:6   | Entered Level 6 of the Lair of Beasts
  8587 | Lair:6   | Found a staircase to the Slime Pits.
  8588 | Lair:6   | Found a viscous altar of Jiyva.
  8673 | Lair:6   | Reached skill level 13 in Shields
  8730 | Lair:6   | Learned a level 4 spell: Passage of Golubria
  8760 | Lair:6   | 3 mr itemsg, goood
  8799 | Lair:6   | Gained mutation: You passively map a small area around you. [potion of mutation]
  8843 | Lair:6   | Noticed CakeIsGreat's ghost (journeyman GrEE)
  8862 | Lair:6   | Killed CakeIsGreat's ghost
  9223 | Lair:2   | Reached XP level 15. HP: 95/95 MP: 22/22
  9533 | Orc:1    | Entered Level 1 of the Orcish Mines
  9607 | Orc:2    | Entered Level 2 of the Orcish Mines
  9614 | Orc:2    | Found Ylylimi's Gadget Emporium.
  9671 | Orc:2    | Found a staircase to the Elven Halls.
  9718 | Orc:1    | Noticed Nergalle
  9724 | Orc:1    | Killed Nergalle
  9813 | Orc:2    | Found Likaot's Antique Armour Boutique.
  9879 | Orc:2    | Found Meimo's Antique Weapon Boutique.
  9902 | Orc:2    | Found Feanu's Jewellery Shop.
  9929 | Orc:2    | Bought an uncursed ring of wizardry for 420 gold pieces
  9930 | Orc:2    | Bought an uncursed ring of see invisible for 210 gold pieces
  9996 | Orc:2    | Found Maehyux's General Store.
  9996 | Orc:2    | Noticed an orc warlord
 10005 | Orc:2    | Reached skill level 14 in Shields
 10006 | Orc:2    | Killed an orc warlord
 10480 | D:13     | Reached skill level 10 in Earth Magic
 10515 | D:13     | Gained mutation: You are clumsy. (Dex -2) [mutagenic meat]
 10640 | D:13     | Reached skill level 10 in Transmutations
 10654 | D:13     | Found a gate to the Vaults.
 10966 | D:14     | Gained mutation: You expend magic power (3 MP) to strengthen your wands. [mutagenic meat]
 11370 | D:15     | Entered Level 15 of the Dungeon
 11469 | D:15     | Found an opulent altar of Gozag.
 11515 | D:15     | Reached XP level 16. HP: 46/103 MP: 10/23
 11528 | D:15     | Gained mutation: You are resistant to electric shocks. (rElec) [mutagenic meat]
 11611 | D:15     | Found a staircase to the Depths.
 11642 | D:15     | Reached skill level 15 in Shields
 11851 | D:14     | Lost mutation: You possess an exceptional clarity of mind. [mutagenic meat]
 11857 | D:14     | Lost mutation: Your muscles are strong. (Str +2) [mutagenic meat]
 11858 | D:14     | Gained mutation: Your flesh is very cold resistant. (rC++) [mutagenic meat]
 12083 | Snake:1  | Entered Level 1 of the Snake Pit
 12119 | Snake:1  | HP: 3/104 [anaconda (18)]
 12119 | Snake:1  | Mangled by an anaconda

Skill      XL: |  1  2  3  4  5  6  7  8  9 10 11 12 13 14 15 16 |
---------------+-------------------------------------------------+-----
Unarmed Combat | 1 2 4 5 6 7 8 9 10 | 10.9
Fighting       | 2 4 5 6 7 |  7.7
Dodging        | 3 5 6 7 8 9 |  9.0
Invocations    | 1 3 4 |  4.0
Shields        | 4 6 9 11 12 13 14 15 | 15.1
Hexes          | 4 |  4.9
Translocations | 3 |  3.5
Air Magic      | 3 4 |  4.2
Poison Magic   | 3 4 |  4.0
Spellcasting   | 3 5 6 |  6.6
Charms         | 2 |  2.6
Earth Magic    | 1 6 8 10 | 10.1
Transmutations | 1 6 8 10 | 10.0
Stealth        | |  2.6
Necromancy     | |  4.0

Action                   |  1- 3 |  4- 6 |  7- 9 | 10-12 | 13-15 | 16-18 || total
-------------------------+-------+-------+-------+-------+-------+-------++-------
Melee: Unarmed           |    20 |    57 |   260 |   593 |   998 |    88 ||  2016
       Constrict         |     4 |    20 |    72 |    66 |   145 |    21 ||   328
       Tentacles         |     4 |    12 |    85 |   262 |   466 |    37 ||   866
       Punch             |       |     4 |    17 |    75 |   154 |    16 ||   266
 Fire: Blowgun           |       |       |       |       |     5 |       ||     5
 Cast: Pain              |    28 |    32 |    11 |       |       |       ||    71
       Regeneration      |     6 |     8 |     6 |    19 |    39 |     2 ||    80
       Animate Skeleton  |     2 |     6 |    18 |    29 |    49 |     1 ||   105
       Confusing Touch   |       |       |       |     3 |       |       ||     3
       Apportation       |       |       |       |    13 |   109 |     9 ||   131
       Repel Missiles    |       |       |       |     1 |     2 |       ||     3
       Animate Dead      |       |       |       |       |    24 |     1 ||    25
       Mephitic Cloud    |       |       |       |       |     4 |       ||     4
       Statue Form       |       |       |       |       |     7 |     2 ||     9
Invok: Slouch            |       |       |       |     5 |    11 |       ||    16
Evoke: Wand              |     3 |     1 |     1 |       |     7 |       ||    12
       Sack of spiders   |       |       |       |       |     1 |       ||     1
       Fan of gales      |       |       |       |       |     1 |       ||     1
  Use: Potion            |     3 |       |     1 |     6 |     2 |       ||    12
       Scroll            |     1 |     9 |     7 |     9 |    14 |     2 ||    42
 Stab: Sleeping          |     2 |     3 |    11 |    15 |    13 |       ||    44
       Distracted        |       |       |     1 |     1 |    23 |       ||    25
       Confused          |       |       |       |     5 |     4 |       ||     9
  Eat: Chunk             |     1 |     5 |     5 |    14 |    25 |    25 ||    75
       Beef jerky        |       |       |       |     1 |     1 |     1 ||     3
       Bread ration      |       |       |       |     1 |       |       ||     1
Armor: Skin              |     2 |     3 |    16 |    17 |    57 |     7 ||   102
Dodge: Dodged            |    34 |    36 |   170 |   136 |   396 |    36 ||   808
       Deflected         |       |       |       |       |     5 |     1 ||     6
Block: Large shield      |       |       |    63 |   545 |  1366 |   105 ||  2079
